Grand Rapids Griffins vs Rochester Americans

Created - 20 mars 2018 at 17:31

Goals
1 2 3 OT1 T
Grand Rapids Griffins 1 0 0 1 2
Rochester Americans 0 1 0 0 1
Shots
1 2 3 OT1 T
Grand Rapids Griffins 12 14 7 3 36
Rochester Americans 10 16 9 3 38

1st period

1. Grand Rapids Griffins , Dmitrij Jaskin 23 (Marcus Sorensen 21, Slater Koekkoek 42) at 16:49

Penalties :
Tyler Bertuzzi (AMR) for Hooking (Minor) at 3:15, Brett Lernout (AMR) for Holding (Minor) at 12:56

2nd period

2. Rochester Americans , Peter Holland 61 (Brett Lernout 32, Brock McGinn 53) at 3:10

Penalties :
Steven Kampfer (AMR) for Hooking (Minor) at 13:35, Scott Harrington (GRF) for Hooking (Minor) at 18:11

3rd period

No Goal

Penalties :
No Penalty

Overtime #1

3. Grand Rapids Griffins , Noel Acciari 27 (Justin Holl 20, Andrew O'Brien 14) at 1:12

Penalties :
No Penalty

Goalie Stats

Scott Wedgewood (GRF), 37 saves from 38 shots - (0,974), W, 6-7-0, 61:12 minutes
David Rittich (AMR), 34 saves from 36 shots - (0,944), OTL, 38-19-8, 61:12 minutes

Players Stats for Grand Rapids Griffins

Player Name              G  A  P  +/- PIM S  H  SB GA TA FO     MP     PP MP  PK MP  
------------------------------------------------------------------------------------
Andrew O'Brien           0  1  1   0  0   2  2  1  0  1  0/0    22:54   2:33   0:34 
Daniel Carr              0  0  0   0  0   0  1  1  1  0  0/0    13:44   0:00   0:00 
Dmitrij Jaskin           1  0  1   0  0   5  2  0  3  0  3/9    24:35   3:00   1:22 
Eric Cornel              0  0  0   0  0   0  0  0  0  0  3/4    13:49   0:00   0:00 
Jesse Puljujarvi         0  0  0   0  0   7  2  1  2  0  0/3    19:20   3:03   0:20 
Justin Holl              0  1  1   0  0   3  2  1  0  2  0/0    23:36   2:33   1:31 
Kyle Rau                 0  0  0   0  0   2  1  0  0  0  6/12   17:32   2:40   0:00 
Mackenzie MacEachern     0  0  0   0  0   0  0  0  0  0  0/0     1:54   0:14   0:00 
Marcus Sorensen          0  1  1   1  0   3  0  0  0  0  0/0     6:57   0:00   0:00 
Mario Lucia              0  0  0   1  0   1  2  0  0  1  0/0     6:57   0:00   0:00 
Markus Hannikainen       0  0  0   0  0   4  3  1  0  0  0/0    19:43   2:40   1:26 
Max Gortz                0  0  0   0  0   0  1  0  0  0  0/0     5:12   0:17   0:00 
Nikita Scherbak          0  0  0   0  0   4  2  1  0  0  0/0    17:36   2:54   0:00 
Noel Acciari             1  0  1   0  0   2  3  1  0  1  11/26  19:20   3:03   0:20 
Reece Willcox            0  0  0   1  0   0  1  0  0  0  0/0    14:49   0:31   0:28 
Ross Johnston            0  0  0   0  0   0  0  1  0  0  0/0     6:33   0:31   0:30 
Scott Harrington         0  0  0   0  2   1  2  1  0  0  0/0    25:38   2:53   0:00 
Slater Koekkoek          0  1  1   1  0   0  2  2  2  0  0/0    28:55   2:53   1:25 
Tomas Jurco              0  0  0   0  0   2  0  0  1  0  0/0    13:44   0:00   0:00 

Players Stats for Rochester Americans

Player Name              G  A  P  +/- PIM S  H  SB GA TA FO     MP     PP MP  PK MP  
------------------------------------------------------------------------------------
Adam Tambellini          0  0  0   0  0   0  0  0  0  0  2/3     9:12   0:00   1:09 
Alex Broadhurst          0  0  0   0  0   0  0  0  0  0  0/0     3:09   0:00   0:00 
Andreas Martinsen        0  0  0   0  0   4  4  0  0  0  1/1    18:43   1:20   2:28 
Anton Blidh              0  0  0   0  0   4  2  0  0  1  0/0    13:35   0:00   0:14 
Austin Carroll           0  0  0   0  0   1  2  1  0  0  1/1    13:02   0:00   0:00 
Brett Lernout            0  1  1  -1  2   2  2  1  0  0  0/0    26:39   1:31   2:08 
Brock McGinn             0  1  1  -1  0   3  4  0  1  1  4/9    24:32   1:20   3:02 
Dominik Masin            0  0  0   0  0   0  2  2  0  0  0/0    13:56   0:00   0:26 
Keaton Thompson          0  0  0   0  0   2  0  0  0  2  0/0    15:24   0:00   2:05 
Luke Kunin               0  0  0   0  0   4  1  0  0  0  2/4    13:51   0:00   0:00 
Markus Nutivaara         0  0  0   0  0   1  1  1  1  1  0/0    20:52   0:28   3:23 
Michael Chaput           0  0  0   0  0   2  4  0  1  0  9/13   19:03   0:39   1:52 
Peter Holland            1  0  1  -1  0   9  1  1  1  0  12/23  19:56   1:20   3:05 
Philip Samuelsson        0  0  0   0  0   1  0  1  0  1  0/0    19:14   0:28   1:50 
Seth Griffith            0  0  0   0  0   5  1  1  1  0  0/0    16:51   0:39   0:00 
Steven Kampfer           0  0  0  -1  2   0  2  2  0  3  0/0    26:28   1:31   2:02 
Tim Bozon                0  0  0   0  0   0  1  0  0  0  0/0     7:03   0:00   0:00 
Tyler Bertuzzi           0  0  0   0  2   0  2  0  0  0  0/0    17:18   0:39   0:04 

3 Stars

1 - Scott Wedgewood (GRF)
2 - Noel Acciari (GRF)
3 - David Rittich (AMR)

Power Play

Grand Rapids Griffins - 0 on 3 Attempt(s) - 0,00%
Rochester Americans - 0 on 1 Attempt(s) - 0,00%

Penalty Kill

Grand Rapids Griffins - 1 on 1 Attempt(s) - 100,00% - Score 0 goal in Penalty Kill
Rochester Americans - 3 on 3 Attempt(s) - 100,00% - Score 0 goal in Penalty Kill

Team Stat

Grand Rapids Griffins - Hits : 26 - Faceoff Wins : 23 - Blocked Shots : 11 - Penalty Minutes : 2
Rochester Americans - Hits : 29 - Faceoff Wins : 31 - Blocked Shots : 10 - Penalty Minutes : 6

Official

Referees : Dennis LaRue and Justin StPierre
Linesman : Kiel Murchison and Derek Amell

Game Notes

No Game Note

Finance

Level 1 -- Attendance: 1444 (72,20%) -- Ticket Income 50 540 $
Level 2 -- Attendance: 691 (69,10%) -- Ticket Income 10 365 $
Total Attendance: 2135 (71,17%)
Total Ticket Income: 60 905 $
Other Income: 29 843 $
Total Income: 90 748 $

Grand Rapids Griffins

5 vs 5 Forward 
   Center                   Left Wing                Right Wing               Time % Phy DF OF 
 1 Noel Acciari             Dmitrij Jaskin           Jesse Puljujarvi         40     1   2  2  
 2 Kyle Rau                 Markus Hannikainen       Nikita Scherbak          30     1   2  2  
 3 Eric Cornel              Daniel Carr              Tomas Jurco              20     1   2  2  
 4 Dmitrij Jaskin           Marcus Sorensen          Mario Lucia              10     1   2  2  

5 vs 5 Defense 
   Defense                  Defense                                           Time % Phy DF OF 
 1 Slater Koekkoek          Scott Harrington                                  40     1   2  2  
 2 Andrew O'Brien           Justin Holl                                       30     1   2  2  
 3 Reece Willcox            Slater Koekkoek                                   20     1   2  2  
 4 Scott Harrington         Andrew O'Brien                                    10     1   2  2  

PowerPlay Forward 
   Center                   Left Wing                Right Wing               Time % Phy DF OF 
 1 Noel Acciari             Dmitrij Jaskin           Jesse Puljujarvi         60     1   2  2  
 2 Kyle Rau                 Markus Hannikainen       Nikita Scherbak          40     1   2  2  

PowerPlay Defense
   Defense                  Defense                                           Time % Phy DF OF 
 1 Slater Koekkoek          Scott Harrington                                  60     1   2  2  
 2 Andrew O'Brien           Justin Holl                                       40     1   2  2  

Penalty Kill 4 Players Forward 
   Center                   Wing                     Time % Phy DF OF 
 1 Dmitrij Jaskin           Markus Hannikainen       60     1   2  2  
 2 Jesse Puljujarvi         Noel Acciari             40     1   2  2  

Penalty Kill 4 Players Defense
   Defense                  Defense                  Time % Phy DF OF 
 1 Slater Koekkoek          Scott Harrington         60     1   2  2  
 2 Andrew O'Brien           Justin Holl              40     1   2  2  

Penalty Kill - 3 Players Forward 
   Forward                                           Time % Phy DF OF 
 1 Dmitrij Jaskin                                    60     1   2  2  
 2 Markus Hannikainen                                40     1   2  2  

Penalty Kill - 3 Players Defense
   Defense                  Defense                  Time % Phy DF OF 
 1 Slater Koekkoek          Scott Harrington         60     1   2  2  
 2 Andrew O'Brien           Justin Holl              40     1   2  2  

4 vs 4 Forward 
   Center                   Wing                     Time % Phy DF OF 
 1 Dmitrij Jaskin           Markus Hannikainen       60     1   2  2  
 2 Jesse Puljujarvi         Noel Acciari             40     1   2  2  

4 vs 4 Defense
   Defense                  Defense                  Time % Phy DF OF 
 1 Slater Koekkoek          Scott Harrington         60     1   2  2  
 2 Andrew O'Brien           Justin Holl              40     1   2  2  

Last Minutes Offensive
   Center                   Left Wing                Right Wing               Defense                  Defense                  
   Noel Acciari             Dmitrij Jaskin           Jesse Puljujarvi         Slater Koekkoek          Scott Harrington         

Last Minutes Defensive
   Center                   Left Wing                Right Wing               Defense                  Defense                  
   Noel Acciari             Dmitrij Jaskin           Jesse Puljujarvi         Slater Koekkoek          Scott Harrington         

Goaltenders
Starting : Scott Wedgewood          
Backup : Mackenzie Blackwood      

Extra Forwards
Normal : Max Gortz, Mackenzie MacEachern, Ross Johnston - PP : Max Gortz, Mackenzie MacEachern - PK : Ross Johnston
Extra Defensemen
Normal : Reece Willcox, Justin Holl, Slater Koekkoek - PP : Reece Willcox - PK : Justin Holl, Slater Koekkoek
Penalty Shots
Dmitrij Jaskin, Markus Hannikainen, Jesse Puljujarvi, Noel Acciari, Daniel Carr

Scratches
Tony Cameranesi (Healthy)

Rochester Americans

5 vs 5 Forward 
   Center                   Left Wing                Right Wing               Time % Phy DF OF 
 1 Peter Holland            Brock McGinn             Andreas Martinsen        40     1   2  2  
 2 Michael Chaput           Tyler Bertuzzi           Seth Griffith            30     1   2  2  
 3 Luke Kunin               Anton Blidh              Austin Carroll           20     1   2  2  
 4 Adam Tambellini          Tim Bozon                Brock McGinn             10     1   2  2  

5 vs 5 Defense 
   Defense                  Defense                                           Time % Phy DF OF 
 1 Steven Kampfer           Brett Lernout                                     40     1   2  2  
 2 Markus Nutivaara         Philip Samuelsson                                 30     1   2  2  
 3 Dominik Masin            Keaton Thompson                                   20     1   2  2  
 4 Steven Kampfer           Brett Lernout                                     10     1   2  2  

PowerPlay Forward 
   Center                   Left Wing                Right Wing               Time % Phy DF OF 
 1 Peter Holland            Brock McGinn             Andreas Martinsen        60     1   2  2  
 2 Michael Chaput           Tyler Bertuzzi           Seth Griffith            40     1   2  2  

PowerPlay Defense
   Defense                  Defense                                           Time % Phy DF OF 
 1 Steven Kampfer           Brett Lernout                                     60     1   2  2  
 2 Markus Nutivaara         Philip Samuelsson                                 40     1   2  2  

Penalty Kill 4 Players Forward 
   Center                   Wing                     Time % Phy DF OF 
 1 Brock McGinn             Peter Holland            60     1   2  2  
 2 Michael Chaput           Andreas Martinsen        40     1   2  2  

Penalty Kill 4 Players Defense
   Defense                  Defense                  Time % Phy DF OF 
 1 Steven Kampfer           Brett Lernout            60     1   2  2  
 2 Markus Nutivaara         Philip Samuelsson        40     1   2  2  

Penalty Kill - 3 Players Forward 
   Forward                                           Time % Phy DF OF 
 1 Brock McGinn                                      60     1   2  2  
 2 Peter Holland                                     40     1   2  2  

Penalty Kill - 3 Players Defense
   Defense                  Defense                  Time % Phy DF OF 
 1 Steven Kampfer           Brett Lernout            60     1   2  2  
 2 Markus Nutivaara         Philip Samuelsson        40     1   2  2  

4 vs 4 Forward 
   Center                   Wing                     Time % Phy DF OF 
 1 Brock McGinn             Peter Holland            60     1   2  2  
 2 Michael Chaput           Andreas Martinsen        40     1   2  2  

4 vs 4 Defense
   Defense                  Defense                  Time % Phy DF OF 
 1 Steven Kampfer           Brett Lernout            60     1   2  2  
 2 Markus Nutivaara         Philip Samuelsson        40     1   2  2  

Last Minutes Offensive
   Center                   Left Wing                Right Wing               Defense                  Defense                  
   Peter Holland            Brock McGinn             Andreas Martinsen        Steven Kampfer           Brett Lernout            

Last Minutes Defensive
   Center                   Left Wing                Right Wing               Defense                  Defense                  
   Peter Holland            Brock McGinn             Andreas Martinsen        Steven Kampfer           Brett Lernout            

Goaltenders
Starting : David Rittich            
Backup : Andrew Hammond           

Extra Forwards
Normal : Alex Broadhurst, Luke Kunin, Adam Tambellini - PP : Alex Broadhurst, Luke Kunin - PK : Adam Tambellini
Extra Defensemen
Normal : Dominik Masin, Keaton Thompson, Markus Nutivaara - PP : Dominik Masin - PK : Keaton Thompson, Markus Nutivaara
Penalty Shots
Brock McGinn, Peter Holland, Michael Chaput, Andreas Martinsen, Tyler Bertuzzi

Scratches
Sam Jardine (Healthy), Jarred Tinordi (Healthy), Joe Morrow (Healthy), Linus Arnesson (Healthy), Mason Geertsen (Healthy)

% Time on Ice - Grand Rapids Griffins

Lines # - Real PCT - Wanted PCT - Time Play
Normal Forward
1 - 30% - 40% - 15:52
2 - 30% - 30% - 15:31
3 - 26% - 20% - 13:44
4 - 13% - 10% - 6:57
Normal Defense
1 - 33% - 40% - 17:10
2 - 38% - 30% - 19:35
3 - 19% - 20% - 10:08
4 - 10% - 10% - 5:11
PP Forward
1 - 55% - 60% - 3:17
2 - 45% - 40% - 2:40
PP Defense
1 - 48% - 60% - 2:53
2 - 52% - 40% - 3:04
PK Forward
1 - 83% - 60% - 1:39
2 - 17% - 40% - 0:20
PK Defense
1 - 71% - 60% - 1:25
2 - 29% - 40% - 0:34
PK3 Forward
1 - 0% - 60%
2 - 0% - 40%
PK3 Defense
1 - 0% - 60%
2 - 0% - 40%
44 Forward
1 - 50% - 60% - 0:36
2 - 50% - 40% - 0:36
44 Defense
1 - 50% - 60% - 0:36
2 - 50% - 40% - 0:36
Last Minute Offensive  - 0:00
Last Minute Defensive  - 0:00
Total
Forward - 61:12
Defense - 61:12

% Time on Ice - Rochester Americans

Lines # - Real PCT - Wanted PCT - Time Play
Normal Forward
1 - 29% - 40% - 15:02
2 - 33% - 30% - 17:00
3 - 25% - 20% - 12:59
4 - 14% - 10% - 7:03
Normal Defense
1 - 38% - 40% - 19:38
2 - 32% - 30% - 16:45
3 - 25% - 20% - 12:48
4 - 6% - 10% - 2:53
PP Forward
1 - 67% - 60% - 1:20
2 - 33% - 40% - 0:39
PP Defense
1 - 76% - 60% - 1:31
2 - 24% - 40% - 0:28
PK Forward
1 - 69% - 60% - 4:05
2 - 31% - 40% - 1:52
PK Defense
1 - 69% - 60% - 4:07
2 - 31% - 40% - 1:50
PK3 Forward
1 - 0% - 60%
2 - 0% - 40%
PK3 Defense
1 - 0% - 60%
2 - 0% - 40%
44 Forward
1 - 74% - 60% - 0:53
2 - 26% - 40% - 0:19
44 Defense
1 - 85% - 60% - 1:01
2 - 15% - 40% - 0:11
Last Minute Offensive  - 0:00
Last Minute Defensive  - 0:00
Total
Forward - 61:12
Defense - 61:12

Play by Play

1st period


0:01 of 1st period - Noel Acciari wins face-off versus Brock McGinn in neutral zone.
0:31 of 1st period - Scott Harrington is hit by Michael Chaput and loses puck.
1:29 of 1st period - Kyle Rau is hit by Tyler Bertuzzi and loses puck.
1:57 of 1st period - Nikita Scherbak is hit by Austin Carroll and loses puck.
2:07 of 1st period - Luke Kunin is hit by Markus Hannikainen and loses puck.
2:39 of 1st period - Dmitrij Jaskin is hit by Andreas Martinsen and loses puck.
3:15 of 1st period - Minor Penalty to Tyler Bertuzzi for Hooking.
3:16 of 1st period - Kyle Rau wins face-off versus Brock McGinn in Rochester Americans zone.
3:52 of 1st period - Brett Lernout is hit by Andrew O'Brien and loses puck.
4:09 of 1st period - Philip Samuelsson is hit by Nikita Scherbak and loses puck.
5:04 of 1st period - Steven Kampfer is hit by Max Gortz and loses puck.
5:15 of 1st period - Penalty to Tyler Bertuzzi is over, Tyler Bertuzzi is back on ice.
5:15 of 1st period - Dmitrij Jaskin is hit by Brock McGinn and loses puck.
6:31 of 1st period - Wrist shot by Luke Kunin.
6:31 of 1st period - Stopped by Scott Wedgewood without a rebound.
6:32 of 1st period - Luke Kunin wins face-off versus Kyle Rau in Grand Rapids Griffins zone.
6:55 of 1st period - Michael Chaput is hit by Noel Acciari and loses puck.
7:02 of 1st period - Slapshot by Jesse Puljujarvi.
7:02 of 1st period - Stopped by David Rittich with a rebound.
7:16 of 1st period - Slapshot by Tomas Jurco.
7:16 of 1st period - Stopped by David Rittich without a rebound.
7:17 of 1st period - Eric Cornel wins face-off versus Peter Holland in Rochester Americans zone.
7:18 of 1st period - Wrist shot by Daniel Carr.
7:18 of 1st period - Shot Misses the Net.
8:06 of 1st period - Slapshot by Markus Hannikainen.
8:06 of 1st period - Stopped by David Rittich with a rebound.
8:24 of 1st period - Wrist shot by Dmitrij Jaskin.
8:24 of 1st period - Stopped by David Rittich without a rebound.
8:25 of 1st period - Dmitrij Jaskin wins face-off versus Peter Holland in Rochester Americans zone.
8:26 of 1st period - Snap shot by Marcus Sorensen.
8:26 of 1st period - Shot Misses the Net.
8:28 of 1st period - Slapshot by Andrew O'Brien.
8:28 of 1st period - Shot Blocked by Philip Samuelsson.
8:50 of 1st period - Markus Hannikainen is hit by Anton Blidh and loses puck.
8:59 of 1st period - Luke Kunin is hit by Nikita Scherbak and loses puck.
9:10 of 1st period - Snap shot by Seth Griffith.
9:10 of 1st period - Stopped by Scott Wedgewood with a rebound.
9:31 of 1st period - Slapshot by Brock McGinn.
9:31 of 1st period - Deflect By Peter Holland.
9:31 of 1st period - Stopped by Scott Wedgewood without a rebound.
9:32 of 1st period - Andreas Martinsen wins face-off versus Noel Acciari in Grand Rapids Griffins zone.
10:03 of 1st period - Snap shot by Markus Hannikainen.
10:03 of 1st period - Shot Misses the Net.
10:05 of 1st period - Snap shot by Markus Hannikainen.
10:05 of 1st period - Deflect By Kyle Rau.
10:05 of 1st period - Stopped by David Rittich with a rebound.
10:07 of 1st period - Slapshot by Kyle Rau.
10:07 of 1st period - Shot Misses the Net.
10:26 of 1st period - Wrist shot by Tyler Bertuzzi.
10:26 of 1st period - Shot Blocked by Daniel Carr.
10:28 of 1st period - Snap shot by Seth Griffith.
10:28 of 1st period - Stopped by Scott Wedgewood with a rebound.
10:40 of 1st period - Snap shot by Dmitrij Jaskin.
10:40 of 1st period - Shot Misses the Net.
10:46 of 1st period - Noel Acciari is hit by Andreas Martinsen and loses puck.
10:57 of 1st period - Nikita Scherbak is hit by Brock McGinn.
11:13 of 1st period - Tyler Bertuzzi is hit by Mario Lucia and loses puck.
11:48 of 1st period - Snap shot by Anton Blidh.
11:48 of 1st period - Shot Blocked by Nikita Scherbak.
11:50 of 1st period - Wrist shot by Anton Blidh.
11:50 of 1st period - Stopped by Scott Wedgewood with a rebound.
12:12 of 1st period - Slapshot by Jesse Puljujarvi.
12:12 of 1st period - Shot Misses the Net.
12:24 of 1st period - Daniel Carr is hit by Tim Bozon and loses puck.
12:56 of 1st period - Minor Penalty to Brett Lernout for Holding.
12:57 of 1st period - Noel Acciari wins face-off versus Brock McGinn in Rochester Americans zone.
13:21 of 1st period - Nikita Scherbak is hit by Michael Chaput and loses puck.
13:30 of 1st period - Wrist shot by Markus Hannikainen.
13:30 of 1st period - Stopped by David Rittich with a rebound.
14:56 of 1st period - Penalty to Brett Lernout is over, Brett Lernout is back on ice.
14:57 of 1st period - Justin Holl is hit by Steven Kampfer and loses puck.
15:04 of 1st period - Slapshot by Michael Chaput.
15:04 of 1st period - Shot Misses the Net.
15:06 of 1st period - Snap shot by Brett Lernout.
15:06 of 1st period - Deflect By Michael Chaput.
15:06 of 1st period - Shot Misses the Net.
15:06 of 1st period - Puck is out of play.
15:07 of 1st period - Eric Cornel wins face-off versus Luke Kunin in Grand Rapids Griffins zone.
15:57 of 1st period - Icing by Scott Harrington.
15:58 of 1st period - Peter Holland wins face-off versus Dmitrij Jaskin in Grand Rapids Griffins zone.
15:59 of 1st period - Wrist shot by Brock McGinn.
15:59 of 1st period - Stopped by Scott Wedgewood with a rebound.
16:01 of 1st period - Slapshot by Brock McGinn.
16:01 of 1st period - Stopped by Scott Wedgewood with a rebound.
16:03 of 1st period - Snap shot by Peter Holland.
16:03 of 1st period - Shot Misses the Net.
16:05 of 1st period - Wrist shot by Peter Holland.
16:05 of 1st period - Stopped by Scott Wedgewood with a rebound.
16:07 of 1st period - Slapshot by Peter Holland.
16:07 of 1st period - Stopped by Scott Wedgewood with a rebound.
16:09 of 1st period - Snap shot by Markus Nutivaara.
16:09 of 1st period - Shot Hit the Post.
16:11 of 1st period - Slapshot by Brock McGinn.
16:11 of 1st period - Shot Blocked by Scott Harrington.
16:17 of 1st period - Dmitrij Jaskin is hit by Andreas Martinsen.
16:21 of 1st period - Andreas Martinsen is hit by Dmitrij Jaskin and loses puck.
16:49 of 1st period - Snap shot by Marcus Sorensen.
16:49 of 1st period - Deflect By Dmitrij Jaskin.
16:49 of 1st period - Goal by Dmitrij Jaskin - Grand Rapids Griffins : 1 - Rochester Americans : 0.
16:50 of 1st period - Michael Chaput wins face-off versus Kyle Rau in neutral zone.
16:53 of 1st period - Kyle Rau is hit by Tyler Bertuzzi.
17:05 of 1st period - Wrist shot by Kyle Rau.
17:05 of 1st period - Stopped by David Rittich with a rebound.
17:15 of 1st period - Scott Harrington is hit by Brett Lernout and loses puck.
17:24 of 1st period - Slapshot by Slater Koekkoek.
17:24 of 1st period - Shot Blocked by Brett Lernout.
17:52 of 1st period - Brett Lernout is hit by Andrew O'Brien and loses puck.
18:00 of 1st period - Off-side.
18:01 of 1st period - Peter Holland wins face-off versus Noel Acciari in neutral zone.
18:30 of 1st period - Snap shot by Nikita Scherbak.
18:30 of 1st period - Stopped by David Rittich with a rebound.
18:32 of 1st period - Slapshot by Justin Holl.
18:32 of 1st period - Shot Blocked by Dominik Masin.
18:46 of 1st period - Daniel Carr is hit by Austin Carroll and loses puck.
18:57 of 1st period - Wrist shot by Luke Kunin.
18:57 of 1st period - Stopped by Scott Wedgewood with a rebound.
19:07 of 1st period - Wrist shot by Jesse Puljujarvi.
19:07 of 1st period - Shot Misses the Net.
19:09 of 1st period - Slapshot by Justin Holl.
19:09 of 1st period - Stopped by David Rittich with a rebound.
19:44 of 1st period - Snap shot by Jesse Puljujarvi.
19:44 of 1st period - Stopped by David Rittich without a rebound.
19:45 of 1st period - Dmitrij Jaskin wins face-off versus Michael Chaput in Rochester Americans zone.
19:46 of 1st period - Slapshot by Marcus Sorensen.
19:46 of 1st period - Stopped by David Rittich without a rebound.
19:47 of 1st period - Michael Chaput wins face-off versus Dmitrij Jaskin in Rochester Americans zone.
19:58 of 1st period - Snap shot by Marcus Sorensen.
19:58 of 1st period - Shot Misses the Net.
Goals for this period are 1 for Grand Rapids Griffins vs 0 for Rochester Americans.
Shots for this period are 12 for Grand Rapids Griffins vs 10 for Rochester Americans.

2nd period


0:01 of 2nd period - Noel Acciari wins face-off versus Peter Holland in neutral zone.
0:06 of 2nd period - Snap shot by Jesse Puljujarvi.
0:06 of 2nd period - Shot Misses the Net.
0:08 of 2nd period - Wrist shot by Jesse Puljujarvi.
0:08 of 2nd period - Stopped by David Rittich with a rebound.
0:10 of 2nd period - Snap shot by Slater Koekkoek.
0:10 of 2nd period - Deflect By Jesse Puljujarvi.
0:10 of 2nd period - Stopped by David Rittich with a rebound.
0:12 of 2nd period - Slapshot by Scott Harrington.
0:12 of 2nd period - Stopped by David Rittich with a rebound.
0:32 of 2nd period - Wrist shot by Seth Griffith.
0:32 of 2nd period - Shot Misses the Net.
0:48 of 2nd period - Anton Blidh is hit by Daniel Carr and loses puck.
0:57 of 2nd period - Backhand shot by Luke Kunin.
0:57 of 2nd period - Shot Misses the Net.
0:59 of 2nd period - Slapshot by Philip Samuelsson.
0:59 of 2nd period - Stopped by Scott Wedgewood without a rebound.
1:00 of 2nd period - Noel Acciari wins face-off versus Peter Holland in Grand Rapids Griffins zone.
1:26 of 2nd period - Wrist shot by Andreas Martinsen.
1:26 of 2nd period - Shot Misses the Net.
1:54 of 2nd period - Luke Kunin is hit by Scott Harrington and loses puck.
2:14 of 2nd period - Icing by Slater Koekkoek.
2:15 of 2nd period - Eric Cornel wins face-off versus Adam Tambellini in Grand Rapids Griffins zone.
2:50 of 2nd period - Snap shot by Daniel Carr.
2:50 of 2nd period - Deflect By Seth Griffith.
2:50 of 2nd period - Shot Misses the Net.
2:50 of 2nd period - Puck is out of play.
2:51 of 2nd period - Noel Acciari wins face-off versus Peter Holland in Rochester Americans zone.
2:54 of 2nd period - Snap shot by Dmitrij Jaskin.
2:54 of 2nd period - Stopped by David Rittich with a rebound.
2:56 of 2nd period - Snap shot by Jesse Puljujarvi.
2:56 of 2nd period - Shot Blocked by Markus Nutivaara.
3:04 of 2nd period - Wrist shot by Brock McGinn.
3:04 of 2nd period - Deflect By Peter Holland.
3:04 of 2nd period - Shot Blocked by Justin Holl.
3:04 of 2nd period - Puck is out of play.
3:05 of 2nd period - Peter Holland wins face-off versus Noel Acciari in Grand Rapids Griffins zone.
3:08 of 2nd period - Wrist shot by Peter Holland.
3:08 of 2nd period - Stopped by Scott Wedgewood with a rebound.
3:10 of 2nd period - Slapshot by Brett Lernout.
3:10 of 2nd period - Deflect By Peter Holland.
3:10 of 2nd period - Goal by Peter Holland - Grand Rapids Griffins : 1 - Rochester Americans : 1.
3:11 of 2nd period - Peter Holland wins face-off versus Noel Acciari in neutral zone.
3:23 of 2nd period - Wrist shot by Andreas Martinsen.
3:23 of 2nd period - Stopped by Scott Wedgewood with a rebound.
3:37 of 2nd period - Snap shot by Nikita Scherbak.
3:37 of 2nd period - Shot Misses the Net.
3:39 of 2nd period - Slapshot by Slater Koekkoek.
3:39 of 2nd period - Shot Blocked by Seth Griffith.
4:01 of 2nd period - Wrist shot by Anton Blidh.
4:01 of 2nd period - Stopped by Scott Wedgewood with a rebound.
4:03 of 2nd period - Backhand shot by Philip Samuelsson.
4:03 of 2nd period - Shot Misses the Net.
4:09 of 2nd period - Wrist shot by Anton Blidh.
4:09 of 2nd period - Shot Misses the Net.
4:25 of 2nd period - Wrist shot by Brock McGinn.
4:25 of 2nd period - Shot Blocked by Slater Koekkoek.
4:27 of 2nd period - Backhand shot by Philip Samuelsson.
4:27 of 2nd period - Shot Blocked by Jesse Puljujarvi.
4:43 of 2nd period - Snap shot by Seth Griffith.
4:43 of 2nd period - Stopped by Scott Wedgewood with a rebound.
4:45 of 2nd period - Slapshot by Keaton Thompson.
4:45 of 2nd period - Shot Blocked by Markus Hannikainen.
5:07 of 2nd period - Marcus Sorensen is hit by Brett Lernout and loses puck.
5:14 of 2nd period - Snap shot by Anton Blidh.
5:14 of 2nd period - Stopped by Scott Wedgewood with a rebound.
5:32 of 2nd period - Scott Harrington is hit by Michael Chaput and loses puck.
6:03 of 2nd period - Slapshot by Jesse Puljujarvi.
6:03 of 2nd period - Stopped by David Rittich with a rebound.
6:08 of 2nd period - Off-side.
6:09 of 2nd period - Michael Chaput wins face-off versus Kyle Rau in neutral zone.
7:31 of 2nd period - Slapshot by Andrew O'Brien.
7:31 of 2nd period - Shot Blocked by Steven Kampfer.
8:02 of 2nd period - Keaton Thompson is hit by Reece Willcox and loses puck.
9:05 of 2nd period - Daniel Carr is hit by Dominik Masin.
9:41 of 2nd period - Dmitrij Jaskin is hit by Michael Chaput and loses puck.
10:00 of 2nd period - Daniel Carr is hit by Steven Kampfer and loses puck.
10:20 of 2nd period - Nikita Scherbak is hit by Dominik Masin and loses puck.
10:31 of 2nd period - Philip Samuelsson is hit by Jesse Puljujarvi and loses puck.
10:44 of 2nd period - Brock McGinn is hit by Mario Lucia and loses puck.
11:06 of 2nd period - Andrew O'Brien is hit by Anton Blidh and loses puck.
11:19 of 2nd period - Tomas Jurco is hit by Peter Holland and loses puck.
11:49 of 2nd period - Michael Chaput is hit by Noel Acciari and loses puck.
11:56 of 2nd period - Snap shot by Noel Acciari.
11:56 of 2nd period - Shot Blocked by Steven Kampfer.
11:58 of 2nd period - Wrist shot by Noel Acciari.
11:58 of 2nd period - Stopped by David Rittich without a rebound.
11:59 of 2nd period - Kyle Rau wins face-off versus Luke Kunin in Rochester Americans zone.
12:04 of 2nd period - Wrist shot by Nikita Scherbak.
12:04 of 2nd period - Stopped by David Rittich with a rebound.
12:06 of 2nd period - Wrist shot by Markus Hannikainen.
12:06 of 2nd period - Stopped by David Rittich with a rebound.
12:08 of 2nd period - Snap shot by Justin Holl.
12:08 of 2nd period - Stopped by David Rittich without a rebound.
12:09 of 2nd period - Luke Kunin wins face-off versus Kyle Rau in Rochester Americans zone.
12:29 of 2nd period - Wrist shot by Nikita Scherbak.
12:29 of 2nd period - Shot Blocked by Austin Carroll.
12:31 of 2nd period - Snap shot by Nikita Scherbak.
12:31 of 2nd period - Stopped by David Rittich with a rebound.
12:33 of 2nd period - Slapshot by Markus Hannikainen.
12:33 of 2nd period - Stopped by David Rittich without a rebound.
12:34 of 2nd period - Peter Holland wins face-off versus Noel Acciari in Rochester Americans zone.
12:45 of 2nd period - Wrist shot by Dmitrij Jaskin.
12:45 of 2nd period - Deflect By Noel Acciari.
12:45 of 2nd period - Shot Misses the Net.
12:45 of 2nd period - Puck is out of play.
12:46 of 2nd period - Noel Acciari wins face-off versus Peter Holland in Rochester Americans zone.
12:47 of 2nd period - Wrist shot by Jesse Puljujarvi.
12:47 of 2nd period - Shot Misses the Net.
13:01 of 2nd period - Wrist shot by Andreas Martinsen.
13:01 of 2nd period - Stopped by Scott Wedgewood with a rebound.
13:11 of 2nd period - Kyle Rau is hit by Seth Griffith and loses puck.
13:32 of 2nd period - Backhand shot by Tomas Jurco.
13:32 of 2nd period - Stopped by David Rittich without a rebound.
13:33 of 2nd period - Peter Holland wins face-off versus Noel Acciari in Rochester Americans zone.
13:35 of 2nd period - Minor Penalty to Steven Kampfer for Hooking.
13:36 of 2nd period - Noel Acciari wins face-off versus Brock McGinn in Rochester Americans zone.
14:11 of 2nd period - Icing by Slater Koekkoek.
14:12 of 2nd period - Kyle Rau wins face-off versus Michael Chaput in Grand Rapids Griffins zone.
14:29 of 2nd period - Philip Samuelsson is hit by Markus Hannikainen and loses puck.
14:43 of 2nd period - Icing by Noel Acciari.
14:44 of 2nd period - Brock McGinn wins face-off versus Noel Acciari in Grand Rapids Griffins zone.
14:47 of 2nd period - Wrist shot by Brock McGinn.
14:47 of 2nd period - Shot Misses the Net.
14:57 of 2nd period - Snap shot by Peter Holland.
14:57 of 2nd period - Shot Misses the Net.
15:29 of 2nd period - Andreas Martinsen is hit by Slater Koekkoek and loses puck.
15:35 of 2nd period - Penalty to Steven Kampfer is over, Steven Kampfer is back on ice.
15:42 of 2nd period - Snap shot by Luke Kunin.
15:42 of 2nd period - Shot Misses the Net.
15:44 of 2nd period - Snap shot by Luke Kunin.
15:44 of 2nd period - Shot Misses the Net.
15:48 of 2nd period - Slapshot by Austin Carroll.
15:48 of 2nd period - Stopped by Scott Wedgewood with a rebound.
15:50 of 2nd period - Slapshot by Markus Nutivaara.
15:50 of 2nd period - Deflect By Luke Kunin.
15:50 of 2nd period - Shot Hit the Post.
15:50 of 2nd period - Puck is out of play.
15:51 of 2nd period - Michael Chaput wins face-off versus Eric Cornel in Grand Rapids Griffins zone.
16:43 of 2nd period - Snap shot by Daniel Carr.
16:43 of 2nd period - Deflect By Eric Cornel.
16:43 of 2nd period - Shot Misses the Net.
16:43 of 2nd period - Puck is out of play.
16:44 of 2nd period - Noel Acciari wins face-off versus Brock McGinn in Rochester Americans zone.
16:54 of 2nd period - Snap shot by Jesse Puljujarvi.
16:54 of 2nd period - Stopped by David Rittich with a rebound.
16:56 of 2nd period - Slapshot by Andrew O'Brien.
16:56 of 2nd period - Stopped by David Rittich without a rebound.
16:57 of 2nd period - Noel Acciari wins face-off versus Peter Holland in Rochester Americans zone.
17:27 of 2nd period - Wrist shot by Peter Holland.
17:27 of 2nd period - Stopped by Scott Wedgewood with a rebound.
17:29 of 2nd period - Wrist shot by Brock McGinn.
17:29 of 2nd period - Stopped by Scott Wedgewood with a rebound.
17:31 of 2nd period - Wrist shot by Andreas Martinsen.
17:31 of 2nd period - Stopped by Scott Wedgewood with a rebound.
17:35 of 2nd period - Snap shot by Peter Holland.
17:35 of 2nd period - Deflect By Markus Hannikainen.
17:35 of 2nd period - Stopped by Scott Wedgewood without a rebound.
17:36 of 2nd period - Michael Chaput wins face-off versus Noel Acciari in Grand Rapids Griffins zone.
17:41 of 2nd period - Wrist shot by Michael Chaput.
17:41 of 2nd period - Deflect By Seth Griffith.
17:41 of 2nd period - Shot Misses the Net.
17:41 of 2nd period - Puck is out of play.
17:42 of 2nd period - Michael Chaput wins face-off versus Noel Acciari in Grand Rapids Griffins zone.
17:55 of 2nd period - Snap shot by Seth Griffith.
17:55 of 2nd period - Stopped by Scott Wedgewood with a rebound.
17:57 of 2nd period - Slapshot by Michael Chaput.
17:57 of 2nd period - Stopped by Scott Wedgewood without a rebound.
17:58 of 2nd period - Kyle Rau wins face-off versus Peter Holland in Grand Rapids Griffins zone.
17:58 of 2nd period - Kyle Rau is hit by Andreas Martinsen.
18:11 of 2nd period - Minor Penalty to Scott Harrington for Hooking.
18:12 of 2nd period - Peter Holland wins face-off versus Dmitrij Jaskin in Grand Rapids Griffins zone.
18:26 of 2nd period - Wrist shot by Peter Holland.
18:26 of 2nd period - Stopped by Scott Wedgewood without a rebound.
18:27 of 2nd period - Peter Holland wins face-off versus Dmitrij Jaskin in Grand Rapids Griffins zone.
19:08 of 2nd period - Seth Griffith is hit by Slater Koekkoek and loses puck.
19:50 of 2nd period - Icing by Peter Holland.
19:51 of 2nd period - Dmitrij Jaskin wins face-off versus Peter Holland in Rochester Americans zone.
Goals for this period are 0 for Grand Rapids Griffins vs 1 for Rochester Americans.
Shots for this period are 14 for Grand Rapids Griffins vs 16 for Rochester Americans.

3rd period


0:01 of 3rd period - Peter Holland wins face-off versus Dmitrij Jaskin in neutral zone.
0:11 of 3rd period - Penalty to Scott Harrington is over, Scott Harrington is back on ice.
0:30 of 3rd period - Slapshot by Slater Koekkoek.
0:30 of 3rd period - Shot Misses the Net.
0:48 of 3rd period - Wrist shot by Dmitrij Jaskin.
0:48 of 3rd period - Stopped by David Rittich without a rebound.
0:49 of 3rd period - Austin Carroll wins face-off versus Noel Acciari in Rochester Americans zone.
1:08 of 3rd period - Snap shot by Anton Blidh.
1:08 of 3rd period - Stopped by Scott Wedgewood with a rebound.
1:10 of 3rd period - Slapshot by Luke Kunin.
1:10 of 3rd period - Stopped by Scott Wedgewood with a rebound.
1:12 of 3rd period - Slapshot by Markus Nutivaara.
1:12 of 3rd period - Deflect By Markus Hannikainen.
1:12 of 3rd period - Stopped by Scott Wedgewood without a rebound.
1:13 of 3rd period - Kyle Rau wins face-off versus Peter Holland in Grand Rapids Griffins zone.
1:18 of 3rd period - Wrist shot by Nikita Scherbak.
1:18 of 3rd period - Stopped by David Rittich with a rebound.
1:20 of 3rd period - Slapshot by Reece Willcox.
1:20 of 3rd period - Deflect By Markus Hannikainen.
1:20 of 3rd period - Shot Blocked by Peter Holland.
1:20 of 3rd period - Puck is out of play.
1:21 of 3rd period - Peter Holland wins face-off versus Noel Acciari in Rochester Americans zone.
1:21 of 3rd period - Peter Holland is hit by Noel Acciari.
2:45 of 3rd period - Seth Griffith is hit by Kyle Rau and loses puck.
3:00 of 3rd period - Icing by Jesse Puljujarvi.
3:01 of 3rd period - Peter Holland wins face-off versus Jesse Puljujarvi in Grand Rapids Griffins zone.
3:04 of 3rd period - Backhand shot by Andreas Martinsen.
3:04 of 3rd period - Deflect By Peter Holland.
3:04 of 3rd period - Shot Blocked by Andrew O'Brien.
3:04 of 3rd period - Puck is out of play.
3:05 of 3rd period - Noel Acciari wins face-off versus Peter Holland in Grand Rapids Griffins zone.
3:12 of 3rd period - Snap shot by Jesse Puljujarvi.
3:12 of 3rd period - Stopped by David Rittich without a rebound.
3:13 of 3rd period - Peter Holland wins face-off versus Noel Acciari in Rochester Americans zone.
4:16 of 3rd period - Off-side.
4:17 of 3rd period - Adam Tambellini wins face-off versus Noel Acciari in neutral zone.
4:20 of 3rd period - Reece Willcox is hit by Brock McGinn and loses puck.
4:43 of 3rd period - Philip Samuelsson is hit by Dmitrij Jaskin and loses puck.
5:04 of 3rd period - Wrist shot by Brock McGinn.
5:04 of 3rd period - Shot Misses the Net.
5:36 of 3rd period - Snap shot by Jesse Puljujarvi.
5:36 of 3rd period - Shot Misses the Net.
5:38 of 3rd period - Slapshot by Dmitrij Jaskin.
5:38 of 3rd period - Stopped by David Rittich without a rebound.
5:39 of 3rd period - Kyle Rau wins face-off versus Michael Chaput in Rochester Americans zone.
6:11 of 3rd period - Slapshot by Brett Lernout.
6:11 of 3rd period - Stopped by Scott Wedgewood with a rebound.
6:13 of 3rd period - Snap shot by Luke Kunin.
6:13 of 3rd period - Stopped by Scott Wedgewood with a rebound.
6:15 of 3rd period - Slapshot by Brett Lernout.
6:15 of 3rd period - Stopped by Scott Wedgewood with a rebound.
6:37 of 3rd period - Slapshot by Marcus Sorensen.
6:37 of 3rd period - Stopped by David Rittich with a rebound.
6:39 of 3rd period - Snap shot by Marcus Sorensen.
6:39 of 3rd period - Shot Misses the Net.
6:41 of 3rd period - Slapshot by Marcus Sorensen.
6:41 of 3rd period - Shot Misses the Net.
6:43 of 3rd period - Snap shot by Marcus Sorensen.
6:43 of 3rd period - Stopped by David Rittich with a rebound.
7:09 of 3rd period - Wrist shot by Michael Chaput.
7:09 of 3rd period - Shot Misses the Net.
7:11 of 3rd period - Slapshot by Keaton Thompson.
7:11 of 3rd period - Stopped by Scott Wedgewood with a rebound.
8:58 of 3rd period - Brett Lernout is hit by Justin Holl and loses puck.
9:17 of 3rd period - Steven Kampfer is hit by Scott Harrington and loses puck.
9:25 of 3rd period - Icing by Steven Kampfer.
9:26 of 3rd period - Adam Tambellini wins face-off versus Kyle Rau in Rochester Americans zone.
10:06 of 3rd period - Snap shot by Dmitrij Jaskin.
10:06 of 3rd period - Shot Blocked by Dominik Masin.
10:08 of 3rd period - Snap shot by Daniel Carr.
10:08 of 3rd period - Shot Misses the Net.
10:45 of 3rd period - Tim Bozon is hit by Justin Holl and loses puck.
10:52 of 3rd period - Max Gortz is hit by Markus Nutivaara and loses puck.
11:33 of 3rd period - Reece Willcox is hit by Luke Kunin and loses puck.
12:38 of 3rd period - Snap shot by Peter Holland.
12:38 of 3rd period - Deflect By Andreas Martinsen.
12:38 of 3rd period - Shot Blocked by Slater Koekkoek.
12:38 of 3rd period - Puck is out of play.
12:39 of 3rd period - Michael Chaput wins face-off versus Noel Acciari in Grand Rapids Griffins zone.
12:40 of 3rd period - Snap shot by Seth Griffith.
12:40 of 3rd period - Stopped by Scott Wedgewood without a rebound.
12:41 of 3rd period - Noel Acciari wins face-off versus Michael Chaput in Grand Rapids Griffins zone.
13:15 of 3rd period - Wrist shot by Peter Holland.
13:15 of 3rd period - Shot Blocked by Noel Acciari.
13:44 of 3rd period - Icing by Noel Acciari.
13:45 of 3rd period - Michael Chaput wins face-off versus Kyle Rau in Grand Rapids Griffins zone.
14:12 of 3rd period - Eric Cornel is hit by Brock McGinn.
14:51 of 3rd period - Wrist shot by Mario Lucia.
14:51 of 3rd period - Stopped by David Rittich with a rebound.
16:13 of 3rd period - Snap shot by Peter Holland.
16:13 of 3rd period - Shot Misses the Net.
16:50 of 3rd period - Wrist shot by Keaton Thompson.
16:50 of 3rd period - Shot Blocked by Ross Johnston.
16:52 of 3rd period - Slapshot by Keaton Thompson.
16:52 of 3rd period - Stopped by Scott Wedgewood with a rebound.
18:10 of 3rd period - Peter Holland is hit by Markus Hannikainen and loses puck.
18:33 of 3rd period - Philip Samuelsson is hit by Jesse Puljujarvi and loses puck.
19:26 of 3rd period - Snap shot by Anton Blidh.
19:26 of 3rd period - Shot Misses the Net.
Goals for this period are 0 for Grand Rapids Griffins vs 0 for Rochester Americans.
Shots for this period are 7 for Grand Rapids Griffins vs 9 for Rochester Americans.

Overtime #1


0:01 of 1st overtime period - Brock McGinn wins face-off versus Dmitrij Jaskin in neutral zone.
0:44 of 1st overtime period - Wrist shot by Andreas Martinsen.
0:44 of 1st overtime period - Stopped by Scott Wedgewood without a rebound.
0:45 of 1st overtime period - Michael Chaput wins face-off versus Jesse Puljujarvi in Grand Rapids Griffins zone.
0:52 of 1st overtime period - Wrist shot by Michael Chaput.
0:52 of 1st overtime period - Stopped by Scott Wedgewood with a rebound.
0:55 of 1st overtime period - Icing by Noel Acciari.
0:56 of 1st overtime period - Brock McGinn wins face-off versus Noel Acciari in Grand Rapids Griffins zone.
0:57 of 1st overtime period - Snap shot by Peter Holland.
0:57 of 1st overtime period - Stopped by Scott Wedgewood with a rebound.
1:02 of 1st overtime period - Icing by Jesse Puljujarvi.
1:03 of 1st overtime period - Brock McGinn wins face-off versus Jesse Puljujarvi in Grand Rapids Griffins zone.
1:08 of 1st overtime period - Backhand shot by Andrew O'Brien.
1:08 of 1st overtime period - Stopped by David Rittich with a rebound.
1:10 of 1st overtime period - Slapshot by Justin Holl.
1:10 of 1st overtime period - Stopped by David Rittich with a rebound.
1:12 of 1st overtime period - Snap shot by Noel Acciari.
1:12 of 1st overtime period - Goal by Noel Acciari - Grand Rapids Griffins : 2 - Rochester Americans : 1.
Goals for this period are 1 for Grand Rapids Griffins vs 0 for Rochester Americans.
Shots for this period are 3 for Grand Rapids Griffins vs 3 for Rochester Americans.